 Dungeon Crawl Stone Soup version 0.15.0-11-g6f4f891 (webtiles) character file.

305 CrazyArbalest the Bolt Thrower (level 6, -1/43 HPs)
             Began as a Demonspawn Hunter on Aug 31, 2014.
             Killed from afar by Natasha (6 damage)
             ... with a magic dart
             ... on Level 4 of the Dungeon.
             The game lasted 00:24:32 (3468 turns).

CrazyArbalest the Bolt Thrower (Demonspawn Hunter)  Turns: 3468, Time: 00:24:33

HP  -1/43        AC  9     Str 13      XL: 6   Next: 15%
MP   6/6         EV  9     Int 18      God:
Gold 133         SH  0     Dex 14      Spells:  0 memorised,  5 levels left

rFire  . . .     SeeInvis .     b - +1 hand crossbow
rCold  + . .     Clarity  .     x - +0 ring mail
rNeg   . . .     rCorr    .     (no shield)
rPois  .         rRot     .     (no helmet)
rElec  .         Spirit   .     F - +1 cloak {+Inv}
SustAb .         Warding  .     (no gloves)
rMut   .         Stasis   .     (no boots)
Gourm  .                        (no amulet)
MR     .....                    A - cursed ring of invisibility
                                h - ring of protection from cold

@: brilliant, lethally poisoned, not resistant to hostile enchantments,
unstealthy
A: claws 1, thin metallic scales 1, nightstalker 1, powered by death 2
a: Evoke Invisibility


You were on level 4 of the Dungeon.
You were not hungry.

You visited 1 branch of the dungeon, and saw 4 of its levels.

You collected 133 gold pieces.

Inventory:

Hand weapons
 a - a +0 whip
 b - a +1 hand crossbow (weapon)
 j - a +0 mace
 I - a +0 flail
Missiles
 c - 41 bolts (quivered)
Armour
 d - a +0 leather armour
 x - a +0 ring mail (worn)
 F - a +1 cloak of darkness (worn)
Magical devices
 H - a wand of fireball (2)
Comestibles
 f - 3 bread rations
 i - 2 meat rations
Scrolls
 g - a scroll of fear {unknown}
 m - a scroll of random uselessness {unknown}
 n - 3 scrolls of identify {unknown}
 o - a scroll of enchant weapon {unknown}
 y - a scroll of enchant armour {unknown}
 z - a scroll of blinking {unknown}
 G - a scroll of remove curse {unknown}
Jewellery
 h - a ring of protection from cold (left claw)
 A - a cursed ring of invisibility (right claw)
Potions
 q - a potion of agility {unknown}
 r - a potion of confusion {unknown}
 u - a potion of flight {unknown}
 v - a potion of poison
 K - a potion of curing {unknown}
 L - a potion of haste {unknown}


   Skills:
 + Level 1.4 Fighting
 * Level 1.6 Maces & Flails
 * Level 5.5 Crossbows
 + Level 1.5 Armour
 + Level 2.9 Dodging
 + Level 0.8 Stealth


You had 5 spell levels left.
You didn't know any spells.

Dungeon Overview and Level Annotations

Branches:
Dungeon (4/15)
 Temple: D:4-7

Altars:
Ashenzari
Cheibriados

Annotations:
D:4 Natasha


Innate Abilities, Weirdness & Mutations

You have sharp fingernails.
You are partially covered in thin metallic scales (AC +2).
You are slightly more attuned to the shadows.
You can steal the life force of defeated enemies.


Message History

Your experience leads to an increase in your attributes!
Increase (S)trength, (I)ntelligence, or (D)exterity?
You feel stronger.
Your demonic ancestry asserts itself...
You slip into the darkness of the dungeon.
Natasha claws you.
* * * LOW HITPOINT WARNING * * *
Drink which item? (? for menu, Esc to quit)
That liquid tasted very nasty...
You are poisoned.
It was a potion of poison.
You feel sick. Natasha closely misses you.
Drink which item? (? for menu, Esc to quit)
You feel clever all of a sudden.
It was a potion of brilliance.
You feel sick. Natasha closely misses you.
Drink which item? (? for menu, Esc to quit)
It has a very clean taste.
It was a potion of cure mutation.
You feel sick. Natasha barely misses you.
Drink which item? (? for menu, Esc to quit)
Magic courses through your body.
It was a potion of magic.
You feel sick.
Natasha stares at you and mumbles some strange words.
The magic dart hits you!
You die...

##.. ##.# #..# #.#.#
#....+..# #.## #.###
#.......# #.## ##.#
#######.# ##..#####..##
#...#.#####...#...###
#.#.#....####.#.####....#
#$#.#+##..###...###..##..
# #. ##.#########.## ##
#.@.#####...# ..#
###h#####.### ..$.
#..(#####... .....
##.#########.#
.......##..###...## .
........h.####.#.#
.......#####...#... ....#
##..### # ... .##


You could see Natasha.

Vanquished Creatures
  Blork the orc (D:4)
  Crazy Yiuf (D:2)
  An iguana (D:3)
  7 adders
  7 worms
  2 orcs (D:3)
  8 bats
  2 giant cockroaches
  8 hobgoblins
  14 jackals
  2 quokkas
  2 giant geckos (D:3)
  3 giant newts
  4 goblins
  9 kobolds
  11 rats
82 creatures vanquished.

Notes
Turn   | Place    | Note
--------------------------------------------------------------
     0 | D:1      | CrazyArbalest, the Demonspawn Hunter, began the quest for the Orb.
     0 | D:1      | Reached XP level 1. HP: 15/15 MP: 1/1
   212 | D:1      | Found a snail-covered altar of Cheibriados.
   326 | D:1      | Reached skill level 4 in Crossbows
   326 | D:1      | Gained mutation: You can steal the life force of nearby defeated enemies. [demonic ancestry]
   326 | D:1      | Reached XP level 2. HP: 21/21 MP: 2/2
   972 | D:2      | Gained mutation: You can steal the life force of defeated enemies. [demonic ancestry]
   972 | D:2      | Reached XP level 3. HP: 24/26 MP: 3/3
  1218 | D:2      | Reached skill level 1 in Maces & Flails
  1288 | D:2      | Gained mutation: You have sharp fingernails. [demonic ancestry]
  1288 | D:2      | Reached XP level 4. HP: 32/32 MP: 4/4
  1629 | D:2      | Found a shattered altar of Ashenzari.
  1676 | D:2      | Noticed Crazy Yiuf
  1681 | D:2      | Killed Crazy Yiuf
  1681 | D:2      | Reached skill level 5 in Crossbows
  2015 | D:3      | Reached skill level 1 in Armour
  2039 | D:3      | Gained mutation: You are partially covered in thin metallic scales (AC +2). [demonic ancestry]
  2039 | D:3      | Reached XP level 5. HP: 37/37 MP: 5/5
  3441 | D:4      | Noticed Blork the orc
  3442 | D:4      | Noticed Natasha
  3464 | D:4      | Killed Blork the orc
  3464 | D:4      | Gained mutation: You are slightly more attuned to the shadows. [demonic ancestry]
  3464 | D:4      | Reached XP level 6. HP: 5/43 MP: 6/6
  3468 | D:4      | Killed from afar by Natasha

Action                   |  1- 3 |  4- 6 || total
-------------------------+-------+-------++-------
Melee: Whip              |    41 |   194 ||   235
       Mace              |     7 |       ||     7
       Short sword       |     1 |       ||     1
 Fire: Hand crossbow     |    64 |    85 ||   149
Evoke: Wand              |       |     1 ||     1
  Use: Potion            |       |     4 ||     4
  Eat: Chunk             |     1 |     7 ||     8
